 Dungeon Crawl Stone Soup version 0.30-a0-170-g85af917532 (webtiles) character file.

Game seed: 3090598585717594869

193608 pokeman the Sorcerer (level 17, 0/96 HPs)
             Began as a Deep Elf Hedge Wizard on Sept 30, 2022.
             Was the Champion of Vehumet.
             Shot with an arrow by a naga sharpshooter (16 damage)
             ... on level 4 of the Snake Pit.
             The game lasted 01:48:40 (38599 turns).

pokeman the Sorcerer (Deep Elf Hedge Wizard)       Turns: 38599, Time: 01:48:41

Health: 0/96       AC: 21    Str:  7    XL:     17   Next: 65%
Magic:  17/48      EV: 10    Int: 28    God:    Vehumet [******]
Gold:   3542       SH:  7    Dex: 14    Spells: 29/67 levels left

rFire   + + .      SeeInvis .    V - staff of fire
rCold   x . .      Faith    .    L - +2 buckler {AC+3}
rNeg    . . .      Spirit   .    n - +0 swamp dragon scales
rPois   +          Reflect  .    t - +0 helmet
rElec   .          Harm     .    Q - +0 cloak
rCorr   +          Rampage  +    k - +2 pair of gloves
Will    +....                    G - +2 pair of boots {rampage}
Stlth   ++........               l - amulet of magic regeneration
HPRegen 0.26/turn                E - ring of fire
MPRegen 0.71/turn                H - ring of resist corrosion

@: lethally poisoned (0 -> -8), studying Maces & Flails
A: no striking features
}: 1/15 runes: decaying
a: Renounce Religion


You were on level 4 of the Snake Pit.
You worshipped Vehumet.
Vehumet was exalted by your worship.
You visited 6 branches of the dungeon, and saw 31 of its levels.
You also visited: Ice Cave and Volcano.

You collected 4027 gold pieces.
You spent 485 gold pieces at shops.

Inventory:

Hand Weapons
 c - a +3 arbalest of freezing
Armour
 k - a +2 pair of gloves (worn)
 n - +0 swamp dragon scales (worn)
 t - a +0 helmet (worn)
 G - a +2 pair of boots of rampaging (worn)
 L - a +2 buckler of protection (worn)
 Q - a +0 cloak (worn)
Magical Staves
 V - a staff of fire (weapon)
Jewellery
 l - an amulet of magic regeneration (around neck)
 w - a +4 ring of slaying
 y - a ring of see invisible
 E - a ring of fire (left hand)
 H - a ring of resist corrosion (right hand)
Wands
 i - a wand of mindburst (5)
 r - a wand of acid (10)
 T - a wand of digging (12)
Scrolls
 a - 6 scrolls of blinking
 b - a scroll of poison
 f - 5 scrolls of magic mapping
 g - 4 scrolls of brand weapon
 j - a scroll of silence
 p - a scroll of butterflies
 s - 19 scrolls of teleportation
 u - a scroll of fear
Potions
 d - 4 potions of magic
 e - 6 potions of heal wounds
 h - 8 potions of curing
 o - 2 potions of invisibility
 q - a potion of mutation
 v - 2 potions of might
 x - 3 potions of haste
 z - a potion of resistance
Miscellaneous
 m - a condenser vane


   Skills:
 + Level 7.5 Fighting
 - Level 8.0 Armour
 - Level 3.0 Dodging
 - Level 3.0 Stealth
 - Level 5.2 Shields
 * Level 25.9 Spellcasting
 + Level 16.1 Conjurations
 - Level 1.1 Summonings
 - Level 5.4 Necromancy
 - Level 1.1 Translocations
 + Level 14.7 Fire Magic
 - Level 2.0 Ice Magic
 - Level 3.0 Air Magic
 - Level 1.1 Earth Magic
 - Level 3.0 Poison Magic
 - Level 1.1 Evocations


You had 29 spell levels left.
You knew the following spells:

 Your Spells              Type           Power      Damage    Failure   Level
a - Magic Dart            Conj           100%       1d8       0%          1
b - Mephitic Cloud        Conj/Pois/Air  67%        N/A       1%          3
c - Call Imp              Summ           42%        N/A       2%          2
d - Blink                 Tloc           84%        N/A       2%          2
e - Cigotuvi's Dreadful   Necr/Pois/Air  100%       N/A       1%          2
f - Fireball              Conj/Fire      67%        3d25      1%          5
g - Starburst             Conj/Fire      67%        6d18      1%          6
h - Foxfire               Conj/Fire      100%       2x1d9     0%          1
i - Iron Shot             Conj/Erth      35%        9d7       3%          6
j - Orb of Destruction    Conj           45%        9d12      1%          7
k - Swiftness             Air            52%        N/A       2%          3

Your spell library contained the following spells:

 Spells                   Type           Power      Damage    Failure   Level
 Maxwell's Capacitive Co  Air            26%        ∞         100%        8
 Freeze                   Ice            100%       1d11      1%          1
 Shock                    Conj/Air       100%       1d9       1%          1
 Sting                    Tmut/Pois      100%       1d8       1%          1
 Poisonous Vapours        Pois/Air       100%       N/A       1%          2
 Sublimation of Blood     Necr           61%        N/A       1%          2
 Frozen Ramparts          Ice            94%        1d15      1%          3
 Hailstorm                Conj/Ice       72%        3d15      1%          3
 Stone Arrow              Conj/Erth      100%       3d13      1%          3
 Vampiric Draining        Necr           61%        2d10      1%          3
 Irradiate                Conj/Tmut      34%        3d23      1%          5
 Airstrike                Air            26%        2d(4-20)  2%          4
 Olgreb's Toxic Radiance  Pois           52%        N/A       2%          4
 Slow                     Hex            100%       N/A       3%          1
 Ensorcelled Hibernation  Hex/Ice        82%        N/A       3%          2
 Dispel Undead            Necr           61%        3d21      3%          4
 Spider Form              Tmut/Pois      44%        N/A       4%          3
 Call Canine Familiar     Summ           42%        N/A       5%          3
 Gell's Gravitas          Tloc           42%        N/A       5%          3
 Lesser Beckoning         Tloc           42%        N/A       5%          3
 Teleport Other           Tloc           42%        N/A       5%          3
 Portal Projectile        Hex/Tloc       78%        N/A       7%          3
 Confusing Touch          Hex            36%        N/A       9%          3
 Anguish                  Hex/Necr       25%        N/A       10%         4
 Ignition                 Fire           66%        3d18      12%         8
 Animate Armour           Summ/Erth      84%        N/A       19%         4
 Ice Form                 Ice/Tmut       41%        N/A       19%         4
 Leda's Liquefaction      Hex/Erth       19%        N/A       22%         4
 Petrify                  Tmut/Erth      39%        N/A       22%         4
 Death Channel            Necr           30%        N/A       43%         6
 Blade Hands              Tmut           18%        N/A       63%         5
 Simulacrum               Ice/Necr       27%        N/A       67%         6
 Lehudib's Crystal Spear  Conj/Erth      35%        10d9      77%         8
 Ozocubu's Refrigeration  Ice            23%        4d12      92%         7


Dungeon Overview and Level Annotations

Branches:
Dungeon (15/15)            Temple (1/1) D:4            Lair (5/5) D:9
  Swamp (4/4) Lair:2        Snake (4/4) Lair:3        Slime (0/5) Lair:4
    Orc (2/2) D:10            Elf (0/3) Orc:2        Vaults (0/5) D:13
 Depths (0/4) D:15          IceCv (visited)         Volcano (visited)

Altars:
Ashenzari
Elyvilon
Kikubaaqudgha
Okawaru
Qazlal
Ru
Trog
Uskayaw
Vehumet
Wu Jian
Jiyva

Shops:
D:2 ?   D:4 *   D:10 [   D:13 =!   Orc:2 [?[*   Snake:2 (?*:

Portals:
Trove: D:10 (give +2 gold dragon scales)


Message History

Casting: Blink (safe; 2% risk of failure)
Confirm with . or Enter, or press ? or * to list all spells.
Aiming: Fireball (safe; 1% risk of failure)
Press: ? - help, Shift-Dir - straight line, f - anaconda
Aim: an anaconda (moderately wounded)
You feel a strong surge of power!
The fireball explodes!
The fireball engulfs the anaconda!
The anaconda is severely wounded.
You feel stable enough to blink again.
You feel sick.
The naga sharpshooter spits poison at you.
The splash of poison hits you but does no damage.
You are more poisoned.
You resist.
Unknown command.
Casting: Fireball (safe; 1% risk of failure)
Confirm with . or Enter, or press ? or * to list all spells.
Aiming: Fireball (safe; 1% risk of failure)
Press: ? - help, Shift-Dir - straight line, f/p - anaconda
Aim: an anaconda (severely wounded)
You feel a strong surge of power! That beam is likely to hit you.
Continue anyway?
Okay, then.
Casting: Fireball (safe; 1% risk of failure)
Confirm with . or Enter, or press ? or * to list all spells.
Aiming: Fireball (safe; 1% risk of failure)
Press: ? - help, Shift-Dir - straight line, p - anaconda You feel a strong surge of power!
The fireball explodes!
The fireball engulfs the anaconda!!
You kill the anaconda!
Vehumet accepts your kill.
You feel your power returning.
The fireball engulfs the salamander.
The salamander completely resists.
You feel very sick.
The naga sharpshooter unwields a +0 glaive.
The naga sharpshooter wields a +0 shortbow.
The naga sharpshooter gestures wildly while chanting.
The naga sharpshooter magically shoots an arrow.
The arrow hits you!
You die...

.... ....#
.....## .......
### .......
..##
.......#...##
............###
.......@......#
.......†....###
............#
.......N....#
......N....†#
..N.).)..§..#
.NN.†..N..†.#
.............#
.............


You could see 2 naga warriors, 2 naga sharpshooters, a salamander (strong) and a
naga (strong).

Vanquished Creatures
  Mlioglotl (Snake:1)
  2 fenstrider witches
  A nagaraja (Snake:3)
  The ghost of Iusername the Impaler, a journeyman MiFi (Lair:2)
  4 bunyips
  5 eleionomae
  Snorg (Lair:4)
  An ettin (Orc:1)
  A shambling mangrove (Swamp:1)
  11 hydras
  A ghost crab (Swamp:3)
  4 ice dragons (Swamp:4)
  4 vault guards (D:13)
  3 anacondas
  A salamander tyrant (Snake:3)
  2 boulder beetles
  2 centaur warriors
  5 two-headed ogres
  2 ironbound frosthearts (IceCv)
  11 alligators
  A death knight (D:12)
  8 death yaks
  5 naga warriors
  3 orc high priests (Orc:2)
  5 naga sharpshooters
  7 shock serpents
  3 spriggans
  2 salamander mystics (Snake:3)
  4 spriggan druids
  4 bog bodies
  A skeletal warrior (D:12)
  The ghost of Morec the Placeless Cat, a novice FeEE of Vehumet (Lair:1)
  3 naga ritualists
  A glowing orange brain (Lair:1)
  A lindwurm (Lair:3)
  6 swamp dragons
  5 goliath frogs
  A phantasmal warrior (D:12)
  Pikel (D:4)
  A deep elf archer (Volcano)
  10 deep elf pyromancers
  3 spectral hydras (Lair:3)
  2 wizards
  A harpy (shapeshifter) (D:13)
  7 mana vipers
  4 manticores
  5 orc knights
  4 orc sorcerers (Orc:2)
  An oklob plant (Lair:2)
  A spectral boulder beetle (Lair:3)
  2 statues (D:15)
  A wolf spider (D:15)
  12 salamanders
  7 ugly things
  3 cyclopes
  3 will-o-the-wisps
  A salamander (shapeshifter) (D:15)
  5 elephants
  30 black mambas
  An ice statue (IceCv)
  12 naga magi
  Maurice (Orc:2)
  3 guardian serpents
  20 cane toads
  2 water nymphs (Swamp:1)
  Psyche (D:11)
  A gargoyle (D:12)
  4 unseen horrors
  12 komodo dragons
  A rime drake (shapeshifter) (D:13)
  5 freezing wraiths
  A rime drake (Lair:3)
  2 ice devils (D:12)
  6 yaktaurs
  3 tengu conjurers
  14 tyrant leeches
  8 trolls
  15 polar bears
  Prince Ribbit (D:8)
  A bloated husk (Swamp:1)
  14 blink frogs
  6 hornets
  15 slime creatures
  15 dream sheep
  6 wyverns
  58 yaks
  Eustachio (D:5)
  3 wraiths
  9 fire elementals (Volcano)
  A catoblepas simulacrum (Lair:3)
  A redback (shapeshifter) (D:14)
  5 basilisks
  4 steam dragons
  Grum (D:8)
  A spectral cane toad (Lair:3)
  28 nagas
  3 swamp worm simulacra (Swamp:4)
  15 vampire mosquitoes
  18 swamp worms
  2 acid dragons
  16 hydra simulacra (Swamp:4)
  20 water moccasins
  A floating eye (shapeshifter) (D:15)
  4 swamp drakes
  A hell hound (Volcano)
  Duvessa (D:7)
  21 orc warriors
  2 sky beasts
  3 black bears
  7 ogres
  3 boggarts (D:15)
  36 wolves
  13 centaurs
  3 lemures (D:4)
  2 phantoms
  A kobold brigand (D:7)
  17 bullfrogs
  A gnoll sergeant (D:11)
  3 scorpions
  A water moccasin zombie (D:5)
  9 wights
  Dowan (D:7)
  6 killer bees (D:11)
  4 electric eels
  2 howler monkeys
  A crimson imp (D:10)
  A bullfrog zombie (D:5)
  A lava snake (Lair:2)
  A komodo dragon simulacrum (Lair:3)
  22 orc priests
  4 jellies
  5 hell rats (Lair:2)
  6 iguanas
  17 orc wizards
  17 gnolls
  8 adders
  A white imp (D:7)
  5 swamp drake simulacra (Swamp:4)
  A worm (D:2)
  A dart slug (D:1)
  73 orcs
  2 bats
  9 endoplasms
  2 giant cockroaches
  13 goblins
  15 hobgoblins
  6 jackals
  14 kobolds
  4 quokkas
  13 ball pythons
  A frilled lizard (D:1)
  10 rats
  A butterfly (Lair:3)
  A foxfire (D:9)
981 creatures vanquished.

Vanquished Creatures (collateral kills)
  A centaur (D:11)
  A scorpion zombie (D:5)
  Robin (D:4)
  An adder (D:2)
  A dart slug (D:5)
  An orc (D:7)
  A goblin (D:4)
  4 foxfires (D:9)
11 creatures vanquished.

Vanquished Creatures (others)
  A wolf (IceCv)
  A bullfrog (D:9)
  An electric eel (D:8)
  An orc priest (Orc:2)
  442 foxfires
  57 fungi
  153 plants
  A withered plant (D:5)
657 creatures vanquished.

Grand Total: 1649 creatures vanquished

Notes
Turn   | Place    | Note
-------+----------+-------------------------------------------
     0 | D:1      | pokeman the Deep Elf Hedge Wizard began the quest for the
                  | Orb.
     0 | D:1      | Reached XP level 1. HP: 10/10 MP: 7/7
   119 | D:1      | Reached XP level 2. HP: 6/15 MP: 1/9
   543 | D:1      | Found a faded altar of an unknown god.
   560 | D:1      | Reached skill level 5 in Spellcasting
   835 | D:1      | Reached XP level 3. HP: 13/20 MP: 2/11
   843 | D:1      | Learned a level 3 spell: Mephitic Cloud
   846 | D:1      | Learned a level 2 spell: Call Imp
   849 | D:1      | Learned a level 2 spell: Blink
   852 | D:1      | Learned a level 2 spell: Cigotuvi's Dreadful Rot
  1195 | D:2      | Reached skill level 1 in Fighting
  1276 | D:2      | Reached skill level 1 in Armour
  1392 | D:2      | Reached XP level 4. HP: 25/25 MP: 1/13
  2347 | D:2      | Found Yngagel's Magic Scroll Shop.
  2352 | D:2      | Bought a scroll of identify for 22 gold pieces
  2352 | D:2      | Bought a scroll of identify for 22 gold pieces
  2519 | D:3      | Reached skill level 6 in Spellcasting
  2641 | D:3      | Reached XP level 5. HP: 29/29 MP: 8/15
  3087 | D:3      | Identified the +3 ring mail of the Pure Persimmons {rC-
                  | Int+6 Dex+4}
  3761 | D:4      | Reached skill level 1 in Necromancy
  3875 | D:4      | Noticed a lemure
  3890 | D:4      | Killed a lemure
  3906 | D:4      | Noticed Pikel
  3907 | D:4      | Noticed a lemure
  3914 | D:4      | Noticed a lemure
  3915 | D:4      | Noticed a lemure
  3923 | D:4      | Killed a lemure
  3931 | D:4      | Killed a lemure
  3963 | D:4      | Killed Pikel
  3964 | D:4      | Reached skill level 8 in Spellcasting
  3964 | D:4      | Reached XP level 6. HP: 13/34 MP: 2/19
  3964 | D:4      | Reached XP level 7. HP: 15/38 MP: 2/20
  4217 | D:4      | Found Taiha Tau's CLEARANCE SALE!.
  4505 | D:4      | Noticed Robin
  4555 | D:4      | Killed Robin
  4814 | D:4      | Found a staircase to the Ecumenical Temple.
  4827 | Temple   | Entered the Ecumenical Temple
  4855 | Temple   | Became a worshipper of Vehumet
  5051 | D:5      | Entered Level 5 of the Dungeon
  5395 | D:5      | Reached skill level 1 in Evocations
  5395 | D:5      | Reached XP level 8. HP: 30/43 MP: 22/22
  5452 | D:5      | Reached skill level 9 in Spellcasting
  5490 | D:5      | Noticed Eustachio
  5500 | D:5      | Killed Eustachio
  5942 | D:6      | Reached skill level 5 in Conjurations
  6051 | D:6      | Found a white marble altar of Elyvilon.
  6080 | D:6      | Found a broken altar of Ashenzari.
  6165 | D:6      | Reached * piety under Vehumet
  6165 | D:6      | Offered knowledge of Kiss of Death by Vehumet.
  6166 | D:6      | Reached skill level 10 in Spellcasting
  6180 | D:6      | Reached skill level 1 in Shields
  6832 | D:6      | Reached XP level 9. HP: 35/48 MP: 15/25
  6832 | D:6      | Found the +7 staff of the Meek {protect, meekguard}
  7088 | D:6      | Reached skill level 11 in Spellcasting
  7395 | D:7      | Noticed Duvessa
  7397 | D:7      | Noticed Dowan
  7413 | D:7      | Killed Duvessa
  7415 | D:7      | Killed Dowan
  7654 | D:7      | Reached skill level 5 in Necromancy
  7800 | D:7      | Reached ** piety under Vehumet
  7888 | D:7      | Offered knowledge of Shock by Vehumet.
  7889 | D:7      | Reached skill level 12 in Spellcasting
  8043 | D:7      | Learned a level 1 spell: Foxfire
  8049 | D:7      | Learned a level 5 spell: Fireball
  8241 | D:8      | Noticed Prince Ribbit
  8645 | D:8      | Reached skill level 1 in Fire Magic
  8834 | D:8      | Reached XP level 10. HP: 33/53 MP: 11/28
  8836 | D:8      | Killed Prince Ribbit
  9409 | D:8      | Noticed Grum
  9415 | D:8      | Offered knowledge of Dazzling Flash by Vehumet.
  9416 | D:8      | Reached skill level 13 in Spellcasting
  9425 | D:8      | Killed Grum
 10167 | D:9      | Reached *** piety under Vehumet
 10188 | D:9      | Noticed a two-headed ogre
 10198 | D:9      | Killed a two-headed ogre
 10199 | D:9      | Reached skill level 14 in Spellcasting
 10246 | D:9      | Noticed a two-headed ogre
 10256 | D:9      | Killed a two-headed ogre
 10470 | D:9      | Reached XP level 11. HP: 60/60 MP: 26/31
 10493 | D:9      | Found a staircase to the Lair.
 11041 | D:9      | Offered knowledge of Inner Flame by Vehumet.
 11042 | D:9      | Reached skill level 5 in Fire Magic
 11214 | D:9      | Found a stormy altar of Qazlal.
 11561 | D:10     | Entered Level 10 of the Dungeon
 11636 | D:10     | Found a staircase to the Orcish Mines.
 11650 | D:10     | Reached skill level 15 in Spellcasting
 11750 | D:10     | Found a bloodstained altar of Trog.
 12090 | D:10     | Found a portal to a secret trove of treasure.
 12149 | D:10     | Noticed a wizard
 12164 | D:10     | Killed a wizard
 12280 | D:10     | Found Eluunkyc's Armour Boutique.
 12891 | D:10     | Learned a level 6 spell: Starburst
 13437 | D:11     | Noticed a two-headed ogre
 13440 | D:11     | Killed a two-headed ogre
 13535 | D:11     | Reached skill level 16 in Spellcasting
 13585 | D:11     | Reached **** piety under Vehumet
 13594 | D:11     | Offered knowledge of Flame Wave by Vehumet.
 13860 | D:11     | Reached XP level 12. HP: 66/66 MP: 24/34
 14385 | D:11     | Reached skill level 10 in Conjurations
 14551 | D:11     | Noticed Psyche
 14554 | D:11     | Killed Psyche
 15176 | D:12     | Found a frozen archway.
 15209 | IceCv    | Entered an ice cave
 15215 | IceCv    | Reached skill level 17 in Spellcasting
 15809 | IceCv    | Reached ***** piety under Vehumet
 15820 | IceCv    | Offered knowledge of Lee's Rapid Deconstruction by Vehumet.
 16249 | IceCv    | Noticed a death yak
 16255 | IceCv    | Killed a death yak
 16256 | IceCv    | Reached skill level 18 in Spellcasting
 16356 | IceCv    | Noticed a death yak
 16424 | IceCv    | Noticed a death yak
 16444 | IceCv    | Noticed a death yak
 16444 | IceCv    | Noticed an ironbound frostheart
 16447 | IceCv    | Killed an ironbound frostheart
 16447 | IceCv    | Killed a death yak
 16453 | IceCv    | Noticed an ironbound frostheart
 16455 | IceCv    | Killed a death yak
 16456 | IceCv    | Reached skill level 5 in Shields
 16456 | IceCv    | Reached XP level 13. HP: 49/70 MP: 17/37
 17110 | D:12     | Reached skill level 1 in Ice Magic
 17476 | D:12     | Found an iron altar of Okawaru.
 17562 | D:12     | Reached skill level 19 in Spellcasting
 18965 | D:13     | Reached skill level 5 in Armour
 19176 | D:13     | Offered knowledge of Conjure Ball Lightning by Vehumet.
 19289 | D:13     | Reached skill level 10 in Fire Magic
 19385 | D:13     | Found a gate to the Vaults.
 19587 | D:13     | Reached skill level 20 in Spellcasting
 19876 | D:13     | Found Noduh's Distillery.
 20052 | D:13     | Found Wapn's Jewellery Emporium.
 20060 | D:13     | Bought a ring of see invisible for 225 gold pieces
 20114 | D:14     | Reached XP level 14. HP: 66/76 MP: 26/40
 20817 | D:15     | Entered Level 15 of the Dungeon
 21465 | D:15     | Found a sacrificial altar of Ru.
 21726 | D:15     | Learned a level 6 spell: Iron Shot
 22267 | D:15     | Reached skill level 1 in Earth Magic
 22586 | D:15     | Found a staircase to the Depths.
 22934 | Lair:1   | Entered Level 1 of the Lair of Beasts
 23021 | Lair:1   | Offered knowledge of Orb of Destruction by Vehumet.
 23030 | Lair:1   | Learned a level 7 spell: Orb of Destruction
 23144 | Lair:1   | Reached skill level 21 in Spellcasting
 23266 | Lair:1   | Found a runed translucent gate.
 23266 | Lair:1   | Found a runed translucent gate.
 23266 | Lair:1   | Found a runed translucent gate.
 23278 | Lair:1   | Noticed Morec's ghost (novice FeEE)
 23279 | Lair:1   | Found a viscous altar of Jiyva.
 24029 | Lair:2   | You fall into a shaft and drop 1 floor!
 24050 | Lair:3   | Found a dark tunnel.
 24076 | Volcano  | Entered a volcano
 24431 | Volcano  | Reached skill level 5 in Fighting
 24655 | Lair:3   | Found a staircase to the Snake Pit.
 24830 | Lair:2   | Found a hide-covered altar of Uskayaw.
 24831 | Lair:2   | Found an ornate altar of the Wu Jian Council.
 25171 | Lair:2   | Reached XP level 15. HP: 82/82 MP: 31/42
 25370 | Lair:2   | Found a staircase to the Swamp.
 25854 | Lair:3   | Learned a level 3 spell: Swiftness
 25962 | Lair:3   | Identified the +2 leather armour of the Snake Pit {rPois
                  | rF++ rC- Dex+2}
 26098 | Lair:3   | Found a runed translucent gate.
 26099 | Lair:3   | Found a runed translucent gate.
 26116 | Lair:3   | Found a runed translucent gate.
 26117 | Lair:3   | Noticed Iusername's ghost (journeyman MiFi)
 26461 | Lair:2   | Killed Iusername's ghost
 26462 | Lair:2   | Reached skill level 22 in Spellcasting
 26732 | Snake:1  | Entered Level 1 of the Snake Pit
 26746 | Lair:4   | Offered knowledge of Iskenderun's Battlesphere by Vehumet.
 27132 | Lair:4   | Identified the +5 robe "Ifexob" {rElec Str-3 Slay+2 SInv}
 27158 | Lair:4   | Noticed Snorg
 27161 | Lair:4   | Killed Snorg
 27278 | Lair:4   | Found a staircase to the Slime Pits.
 27767 | Lair:5   | Entered Level 5 of the Lair of Beasts
 29339 | Orc:1    | Entered Level 1 of the Orcish Mines
 29345 | Orc:1    | Reached skill level 23 in Spellcasting
 29787 | Orc:2    | Entered Level 2 of the Orcish Mines
 29793 | Orc:2    | Noticed Maurice
 29795 | Orc:2    | Killed Maurice
 29834 | Orc:2    | Found a staircase to the Elven Halls.
 30089 | Orc:2    | Offered knowledge of Freezing Cloud by Vehumet.
 30101 | Orc:2    | Paralysed by an orc sorcerer for 5 turns
 30110 | Orc:2    | Reached ****** piety under Vehumet
 30166 | Orc:2    | Found Doxzae's General Store.
 30289 | Orc:2    | Found Horr's Armour Boutique.
 30298 | Orc:2    | Bought a scroll of identify for 24 gold pieces
 30311 | Orc:2    | Found Ihai's Magic Scroll Boutique.
 30320 | Orc:2    | Found Takeup's Armour Shoppe.
 30326 | Orc:2    | Bought a scroll of identify for 28 gold pieces
 30326 | Orc:2    | Bought a scroll of identify for 28 gold pieces
 30626 | Swamp:1  | Entered Level 1 of the Swamp
 30821 | Swamp:1  | Reached XP level 16. HP: 92/92 MP: 39/45
 32144 | Swamp:2  | Reached skill level 24 in Spellcasting
 32659 | Swamp:3  | Offered knowledge of Spellforged Servitor by Vehumet.
 32792 | Swamp:3  | Identified the +6 chain mail of Restlessness {Str+3}
 32804 | Swamp:3  | Reached skill level 15 in Conjurations
 33015 | Swamp:4  | Entered Level 4 of the Swamp
 34233 | Swamp:4  | Got a decaying rune of Zot
 34772 | Lair:1   | Offered knowledge of Maxwell's Capacitive Coupling by
                  | Vehumet.
 34775 | Lair:1   | Killed Morec's ghost
 35226 | Snake:1  | Reached XP level 17. HP: 96/96 MP: 39/47
 35328 | Snake:1  | Noticed Mlioglotl
 35339 | Snake:1  | Killed Mlioglotl
 35340 | Snake:1  | Reached skill level 25 in Spellcasting
 36349 | Snake:2  | Found Ygguecza's Book Boutique.
 36698 | Snake:2  | Found Vet Gimomau's Magic Scroll Shoppe.
 36700 | Snake:2  | Found Qerosa's Assorted Antiques.
 36706 | Snake:2  | Bought a scroll of magic mapping for 97 gold pieces
 36706 | Snake:2  | Bought a scroll of teleportation for 39 gold pieces
 36716 | Snake:2  | Found Wijyred's Weapon Shoppe.
 38585 | Snake:4  | Entered Level 4 of the Snake Pit
 38595 | Snake:4  | HP: 1/96 [salamander/+1 halberd (4)]
 38599 | Snake:4  | Shot with an arrow by a naga sharpshooter

Illustrated notes

Levels and vault maps discovered:
D:1:      lightli_iron_boxes, layout_rooms, dreamdust_ecumenical_altar_grove
D:2:      layout_loops_ring, serial_shops, nicolae_square_shop, minmay_between
D:3:      layout_basic, nicolae_elevator_lobby_asterisk
D:4:      layout_rooms, minmay_temple_entry_statues, nicolae_shop_clearance,
          uniq_pikel, uniq_robin
D:5:      layout_basic, serial_undead, serial_undead_b, serial_undead_a,
          serial_undead_c, serial_undead_d, uniq_eustachio
D:6:      layout_basic, mainiacjoe_overflow_two_lobes, serial_glass,
          glass_columns_a, glass_columns_a, pf_guarded_unrand_meek
D:7:      layout_rooms, uniq_duvessa
D:8:      layout_loops_ring, kennysheep_small_spiral, uniq_prince_ribbit1,
          uniq_grum
D:9:      layout_irregular_city, grunt_qazlal_clouds,
          due_lair_maze_entry_diamond
D:10:     layout_gridville, trog_hazing_becter, orc_0_dummy,
          nicolae_trove_entry_diagonal, serial_shops, nicolae_shop_stone,
          minmay_misc_feat_nine_boxes, lightli_wizard_tower
D:11:     layout_basic, grunt_potential, uniq_psyche
D:12:     layout_cave_pods, portal_ice_cave_demonic_guard,
          okawaru_metal_pillars_1_2
D:13:     layout_roguey [special_room_orc], grunt_vaults_entry_fortified,
          serial_shops, nicolae_shop_statue_plus, nicolae_shop_waterfront,
          minmay_starry_boxes
D:14:     layout_long_grid
D:15:     hangedman_depths_entry_try_elsewhere_first, layout_stronghold,
          nicolae_ru_the_path_less_chosen, minmay_dual_archer_statues
Temple:   mainiacjoe_temple_bowtie_tessellation
Lair:1:   layout_hall_layers, gammafunk_ghost_ooze, serial_bayou_ford_a,
          hangedman_lair_generics_rect, grunt_megastairs_1
Lair:2:   layout_gridlike, palyth_hydra_swamp_entry,
          nzn_masters_of_martial_movement, infiniplex_staircase_pool_2
Lair:3:   layout_misc_corridors, minmay_snake_entry_spellcaster,
          nicolae_volcano_entry_vermiform, gammafunk_ghost_necromancy,
          st_stairs_11, serial_bayou_lagoon_b, lemuel_fruit_fields,
          infiniplex_staircase_pool
Lair:4:   layout_cave_pods, slime_entry_1, uniq_snorg
Lair:5:   minmay_lair_end_frog_pond, layout_cave_pods
Swamp:1:  nicolae_swamp_ascending_descending, layout_basic_swamp,
          evilmike_swamp_ruin_house_2, swamp_pool5, hangedman_swamp_lotus,
          nicolae_swamp_nymph_family_reunion
Swamp:2:  layout_basic_swamp, evilmike_swamp_ruin_wall
Swamp:3:  layout_basic_swamp, evilmike_swamp_ruin_house_3, swamp_pool1
Swamp:4:  swamp_icy, layout_basic_swamp
Snake:1:  nicolae_snake_nest, layout_chambers, uniq_mlioglotl
Snake:2:  layout_basic, serial_shops, shop, nicolae_snake_round_shape_thing,
          nicolae_snake_serpentine_bazaar
Snake:3:  layout_basic
Snake:4:  hellmonk_snake_rune_quicksilver_temple, layout_grid_shapes,
          serial_shops, shop_statue, nicolae_shop_overcharged_wands
Orc:1:    layout_caves
Orc:2:    st_orc_elflike, layout_diamond_mine, uniq_maurice

Skill      XL: |  1  2  3  4  5  6  7  8  9 10 11 12 13 14 15 16 17 |
---------------+----------------------------------------------------+-----
Spellcasting   | 5 6 8 10 12 14 16 18 20 21 23 24 25 | 25.9
Fighting       | 1 2 3 4 5 7 |  7.5
Conjurations   | 2 4 5 7 8 9 11 12 13 14 15 16 | 16.1
Armour         | 1 2 3 4 5 6 7 8 |  8.0
Dodging        | 3 |  3.0
Stealth        | 3 |  3.0
Necromancy     | 1 3 5 |  5.4
Air Magic      | 2 3 |  3.0
Poison Magic   | 2 3 |  3.0
Evocations     | 1 |  1.1
Shields        | 1 2 3 5 |  5.2
Fire Magic     | 1 4 6 8 10 11 12 14 | 14.7
Ice Magic      | 2 |  2.0
Earth Magic    | 1 |  1.1
Summonings     | |  1.1
Translocations | |  1.1

Action                   |  1- 3 |  4- 6 |  7- 9 | 10-12 | 13-15 | 16-18 || total
-------------------------+-------+-------+-------+-------+-------+-------++-------
Melee: Hand axe          |    11 |       |       |       |       |       ||    11
       Double sword      |     9 |    22 |    75 |       |       |       ||   106
       Punch             |       |       |     2 |       |       |       ||     2
       Quarterstaff      |       |       |    57 |    49 |       |       ||   106
       Staff             |       |       |       |     4 |    15 |       ||    19
 Cast: Magic Dart        |    76 |   122 |   196 |    10 |     1 |     1 ||   406
       Call Imp          |     1 |     2 |     9 |     2 |       |     1 ||    15
       Mephitic Cloud    |       |     4 |    30 |    23 |     2 |       ||    59
       Foxfire           |       |       |    57 |   191 |       |       ||   248
       Blink             |       |       |     2 |     1 |     5 |     4 ||    12
       Fireball          |       |       |       |   102 |   468 |   331 ||   901
       Starburst         |       |       |       |    29 |    30 |    11 ||    70
       Iron Shot         |       |       |       |       |    28 |    39 ||    67
       Orb of Destructio |       |       |       |       |     3 |     1 ||     4
       Swiftness         |       |       |       |       |     2 |     1 ||     3
Evoke: Wand              |       |       |       |       |     9 |       ||     9
  Use: Scroll            |       |     8 |     3 |     5 |    12 |     4 ||    32
       Potion            |       |       |       |       |       |     1 ||     1
 Stab: Sleeping          |     1 |     2 |       |       |       |       ||     3
       Confused          |       |     4 |    12 |     8 |       |       ||    24
Armor: Robe              |     7 |       |       |     1 |     4 |     8 ||    20
       Leather armour    |     1 |    11 |   100 |    44 |       |       ||   156
       Acid dragon scale |       |       |       |    28 |    34 |       ||    62
       Swamp dragon scal |       |       |       |       |       |    22 ||    22
Dodge: Dodged            |    21 |    28 |   153 |    81 |    30 |    16 ||   329
Block: Buckler           |       |       |       |       |    23 |    18 ||    41

Table legend: (Time is in decaauts)
 A = Elapsed time spent in this place.
 B = Non-inter-level travel time spent in this place.
 C = Inter-level travel time spent in this place.
 D = Time resting spent in this place.
 E = Time spent auto-exploring this place.
 F = Levels seen in this place.
 G = Mean time per level.
                   A        B        C        D        E       F      G
               +--------+--------+--------+--------+--------+-----+--------+
         Total |  39101 |  35934 |   3167 |   4218 |  26401 |  33 | 1184.9 |
       Dungeon |  22053 |  20098 |   1955 |   2389 |  14874 |  15 | 1470.2 |
        Temple |    204 |    179 |     25 |      0 |     22 |   1 |  204.0 |
          Lair |   6094 |   5459 |    635 |    207 |   4538 |   5 | 1218.8 |
         Swamp |   3623 |   3240 |    383 |    275 |   2457 |   4 |  905.8 |
     Snake Pit |   3753 |   3647 |    106 |    294 |   2882 |   4 |  938.2 |
  Orcish Mines |   1110 |   1050 |     60 |     21 |    882 |   2 |  555.0 |
      Ice Cave |   1796 |   1796 |      0 |    811 |    677 |   1 | 1796.0 |
       Volcano |    465 |    465 |      0 |    221 |     67 |   1 |  465.0 |
               +--------+--------+--------+--------+--------+-----+--------+

Top non-repeatable levels by time:
    D:13: 2008 daAuts
    D:11: 1918 daAuts
    D:15: 1810 daAuts
   IceCv: 1796 daAuts
     D:9: 1776 daAuts
     D:4: 1766 daAuts
     D:8: 1729 daAuts
     D:6: 1707 daAuts
    D:10: 1597 daAuts
 Snake:1: 1438 daAuts
     D:2: 1394 daAuts
     D:7: 1316 daAuts
 Swamp:1: 1275 daAuts
  Lair:3: 1273 daAuts
  Lair:1: 1260 daAuts
